 Dungeon Crawl Stone Soup version 0.19.1-1-g22dce08 (webtiles) character file.

707 pichaelthompson the Chopper (level 7, -1/55 HPs)
             Began as a Demonspawn Berserker on Jan 3, 2017.
             Was a Priest of Trog.
             Slain by an ogre
             ... wielding a +0 giant spiked club
              (10 damage)
             ... on level 5 of the Dungeon.
             The game lasted 00:14:37 (4264 turns).

pichaelthompson the Chopper (Demonspawn Berserker)  Turns: 4264, Time: 00:14:37

Health: -1/55      AC: 11    Str: 19    XL:     7   Next: 40%
Magic:  7/7        EV: 11    Int:  8    God:    Trog [***...]
Gold:   223        SH:  4    Dex: 13    Spells: 0 memorised, 6 levels left

rFire  . . .     SeeInvis .     a - +0 hand axe
rCold  . . .     Gourm    .     h - +0 chain mail
rNeg   . . .     Faith    .     f - +0 buckler
rPois  .         Spirit   .     r - +0 helmet
rElec  .         Reflect  .     (no cloak)
rCorr  .         Harm     .     d - +0 pair of gloves
MR     .....                    (no boots)
Stlth  ..........               (no amulet)
                                (no ring)
                                (no ring)

@: lethally poisoned (-1 -> -5), exhausted, slowed, very slow
A: repulsion field 2, rot immunity
a: Berserk, Trog's Hand, Burn Spellbooks, Renounce Religion


You were on level 5 of the Dungeon.
You worshipped Trog.
Trog was most pleased with you.
You were near starving.

You visited 1 branch of the dungeon, and saw 4 of its levels.

You collected 223 gold pieces.

Inventory:

Hand Weapons
 a - a +0 hand axe (weapon)
Armour
 d - a +0 pair of gloves (worn)
 f - a +0 buckler (worn)
 h - a +0 chain mail (worn)
 r - a +0 helmet (worn)
Scrolls
 j - a scroll of identify {unknown}
 k - a scroll of recharging
 m - a scroll of enchant armour {unknown}
 n - 2 scrolls of remove curse
 o - a scroll of noise {unknown}
 q - a scroll of teleportation
 s - 2 scrolls of random uselessness {unknown}
Potions
 b - a potion of curing
 e - a potion of haste {unknown}
 g - 3 potions of agility
 i - a potion of ambrosia {unknown}
 l - a potion of degeneration {unknown}
 t - 2 potions of invisibility {unknown}
Comestibles
 c - 4 bread rations
 p - 4 chunks of flesh


   Skills:
 + Level 4.9 Fighting
 + Level 5.1 Axes
 + Level 3.9 Armour
 + Level 2.6 Dodging
 + Level 0.8 Stealth
 + Level 1.8 Shields


You had 6 spell levels left.
You didn't know any spells.

Dungeon Overview and Level Annotations

Branches:
Dungeon (3/15)

Altars:
Fedhas
Gozag
Qazlal

Annotations:
D:2 exclusion: oklob plant


Innate Abilities, Weirdness & Mutations

You are surrounded by a moderate repulsion field. (EV +3)
You are immune to rotting.


Message History

Beogh smites you!
An orc wizard comes into view. It is wielding a dagger.
You are no longer berserk.
You are exhausted.
You feel yourself slow down.
You feel sick.
The orc wizard shouts!
The orc wizard mumbles some strange words.
The orc wizard blinks!
The ogre hits you with a giant spiked club!
Things that are here:
a dagger; a robe; an orc corpse You feel sick.
You feel sick.
The orc priest invokes the aid of Beogh against you.
Beogh smites you!
* * * LOW HITPOINT WARNING * * *
You feel sick.
The orc priest miscasts a cantrip.
The ogre hits you with a giant spiked club!
You die...

.# #.#######.# ####. .#
#.........###.'.. .#
###...........##. ##
####.############. ..##.#
#. . #.##.# #####. ...
#.##.# #...##
#.o#####.##.########.####
#.oo>)OO@............#
#.########..########.#
#..# #.# . #..# ####.# .
#..## #....# # #...#
#.##.# ##.#.####.##.####
#.###............
##.#.###..#######


You could see 2 ogres, an orc priest, an orc wizard and an orc.

Vanquished Creatures
  An orc warrior (D:5)
  A sky beast (D:5)
  A centaur (D:5)
  A scorpion (D:5)
  A bullfrog zombie (D:5)
  A hound (D:5)
  A jelly (D:5)
  An orc wizard (D:5)
  2 orc priests
  Jessica (D:2)
  An iguana (D:5)
  2 worker ants (D:5)
  4 adders (D:2)
  An adder skeleton (D:5)
  6 leopard geckos
  6 orcs
  3 ball pythons
  5 bats
  5 goblins
  4 hobgoblins
  13 jackals
  A quokka (D:2)
  2 frilled lizards
  7 kobolds
  8 rats
79 creatures vanquished.

Notes
Turn   | Place    | Note
-------+----------+-------------------------------------------
     0 | D:1      | pichaelthompson the Demonspawn Berserker began the quest for the Orb.
     0 | D:1      | Reached XP level 1. HP: 18/18 MP: 1/1
   119 | D:1      | Gained mutation: You are surrounded by a mild repulsion field. (EV +2) [demonic ancestry]
   119 | D:1      | Reached XP level 2. HP: 9/24 MP: 2/2
   875 | D:1      | Reached skill level 3 in Axes
   935 | D:1      | Reached ** piety under Trog
  1056 | D:2      | Reached XP level 3. HP: 16/29 MP: 3/3
  1643 | D:2      | Gained mutation: You are immune to rotting. [demonic ancestry]
  1643 | D:2      | Reached XP level 4. HP: 21/37 MP: 4/4
  1731 | D:2      | Found a blossoming altar of Fedhas.
  1758 | D:2      | Noticed an oklob plant
  1880 | D:2      | Noticed Jessica
  1887 | D:2      | Killed Jessica
  2360 | D:3      | Found an opulent altar of Gozag.
  2435 | D:3      | Reached XP level 5. HP: 32/42 MP: 5/5
  2998 | D:3      | You fall through a shaft for 2 floors!
  2998 | D:5      | Entered Level 5 of the Dungeon
  2998 | D:5      | Noticed a centaur
  3011 | D:5      | Killed a centaur
  3011 | D:5      | Reached skill level 4 in Axes
  3011 | D:5      | Reached skill level 1 in Shields
  3404 | D:5      | Noticed a sky beast
  3416 | D:5      | Killed a sky beast
  3416 | D:5      | Reached XP level 6. HP: 49/49 MP: 6/6
  3440 | D:5      | Found a stormy altar of Qazlal.
  3440 | D:5      | Found a faded altar of an unknown god.
  3448 | D:5      | Found a faded altar of an unknown god.
  3452 | D:5      | Found a faded altar of an unknown god.
  3454 | D:5      | Found a faded altar of an unknown god.
  3547 | D:5      | Reached *** piety under Trog
  3800 | D:5      | Noticed an orc warrior
  3818 | D:5      | Killed an orc warrior
  3818 | D:5      | Gained mutation: You are surrounded by a moderate repulsion field. (EV +3) [demonic ancestry]
  3818 | D:5      | Reached XP level 7. HP: 45/55 MP: 7/7
  4226 | D:5      | Reached skill level 5 in Axes
  4264 | D:5      | Slain by an ogre

Skill      XL: |  1  2  3  4  5  6  7 |
---------------+----------------------+-----
Axes           | 3 4 5 |  5.1
Dodging        | 2 |  2.6
Armour         | 2 3 |  3.9
Fighting       | 4 |  4.9
Shields        | 1 |  1.8
Stealth        | |  0.8

Action                   |  1- 3 |  4- 6 |  7- 9 || total
-------------------------+-------+-------+-------++-------
Melee: Hand axe          |   136 |   171 |    41 ||   348
Invok: Berserk           |       |     5 |     1 ||     6
  Use: Scroll            |     3 |     4 |       ||     7
       Potion            |       |     2 |       ||     2
  Eat: Chunk             |     2 |     6 |       ||     8
       Fruit             |       |     2 |       ||     2
       Meat ration       |       |     1 |       ||     1
Armor: Animal skin       |    16 |       |       ||    16
       Chain mail        |    53 |    76 |    17 ||   146
Dodge: Dodged            |    96 |    88 |    12 ||   196
Block: Buckler           |    19 |    30 |     1 ||    50
